 Dungeon Crawl Stone Soup version 0.28.0-43-g3370ac3207 (webtiles) character file.

Game seed: 7955286409240330419

366 CrazyMind the Chopper (level 6, -4/57 HPs)
             Began as a Deep Dwarf Fighter on Feb 27, 2022.
             Splashed by a jelly's acid (9 damage)
             ... on level 4 of the Dungeon.
             The game lasted 00:14:22 (3303 turns).

CrazyMind the Chopper (Deep Dwarf Fighter)          Turns: 3303, Time: 00:14:23

Health: -4/57      AC:  0    Str: 22    XL:     6   Next: 40%
Magic:  4/4        EV: 10    Int:  8    God:
Gold:   148        SH:  5    Dex: 12    Spells: 5/5 levels left

rFire   . . .      SeeInvis .   a - +0 war axe
rCold   . . .      Faith    .   c - +0 buckler
rNeg    . . .      Spirit   .   b - +0 scale mail
rPois   .          Reflect  .   (no helmet)
rElec   .          Harm     .   (no cloak)
rCorr   .          Rampage  .   (no gloves)
Will    .....                   (no boots)
Stlth   ..........              (no amulet)
HPRegen 0.00/turn               (no ring)
MPRegen 0.09/turn               (no ring)

@: corroded
A: damage resistance, heal wounds, sense surroundings 1, no regeneration
a: Heal Wounds


You were on level 4 of the Dungeon.
You visited 1 branch of the dungeon, and saw 4 of its levels.
You also visited: Sewer.

You collected 148 gold pieces.

Inventory:

Hand Weapons
 a - a +0 war axe (weapon)
Missiles
 f - 76 stones (quivered)
 m - 2 boomerangs
 o - 12 poisoned darts
Armour
 b - a +0 scale mail (worn)
 c - a +0 buckler (worn)
Jewellery
 l - a ring of fire
Scrolls
 n - a scroll of enchant weapon {unknown}
 q - a scroll of noise {unknown}
 r - a scroll of amnesia {unknown}
 u - a scroll of fear
 v - a scroll of acquirement {unknown}
 w - a scroll of teleportation {unknown}
 x - 2 scrolls of identify
Potions
 d - 2 potions of might
 e - a potion of lignification {unknown}
 g - 2 potions of attraction {unknown}
 h - 2 potions of curing {unknown}
 i - a potion of resistance {unknown}
 j - 2 potions of heal wounds {unknown}
 k - 2 potions of mutation
 p - a potion of haste {unknown}
 s - 3 potions of invisibility {unknown}
 t - 2 potions of brilliance {unknown}


   Skills:
 + Level 3.6 Fighting
 + Level 4.9 Axes
 + Level 1.6 Throwing
 + Level 4.3 Armour
 + Level 1.4 Dodging
 + Level 4.0 Shields


You had 5 spell levels left.
You didn't know any spells.
Your spell library contained the following spells:

 Spells                   Type           Power      Damage    Failure   Level
 Summon Small Mammal      Summ           0%         N/A       82%         1
 Call Canine Familiar     Summ           0%         N/A       99%         3
 Portal Projectile        Hex/Tloc       0%         N/A       99%         3
 Summon Guardian Golem    Hex/Summ       0%         N/A       99%         3
 Leda's Liquefaction      Hex/Erth       0%         N/A       100%        4


Dungeon Overview and Level Annotations

Branches:
Dungeon (4/15)              Sewer (visited)
 Temple: D:4-7

Altars:

Annotations:
D:3 1 runed translucent door, exclusion: downstairs, Ijustatesigmund's ghost, amateur OpFi
D:4 1 exclusion, Grinder; Sigmund


Innate Abilities, Weirdness & Mutations

You are resistant to damage.
You can heal yourself by infusing magical energy.
You passively map a small area around you.
You do not regenerate.


Message History

Okay, then.
The jelly quivers.
You hit the jelly.
Your hands burn!
The jelly is severely wounded.
The jelly hits you but does no damage.
You hit the jelly.
Your hands burn!
The jelly is severely wounded.
The jelly completely misses you.
You slash the jelly!
You kill the jelly!
You slash the jelly! The acid corrodes you!
Your hands burn!
The jelly is moderately wounded.
The jelly misses you. You block the jelly's attack.
You completely miss the jelly.
The jelly is moderately wounded.
The jelly hits you but does no damage.
You hit the jelly but do no damage.
Your hands burn!
The jelly is moderately wounded.
The jelly closely misses you.
You hit the jelly but do no damage.
Your hands burn!
* * * LOW HITPOINT WARNING * * *
The jelly is moderately wounded.
The jelly barely misses you. The jelly hits you.
You are splashed with acid.
* * * LOW HITPOINT WARNING * * *
You hit the jelly but do no damage.
Your hands burn!
* * * LOW HITPOINT WARNING * * *
The jelly is moderately wounded.
The jelly hits you. The acid corrodes you!
You are splashed with acid.
* * * LOW HITPOINT WARNING * * *
You fail to use your ability.
The jelly closely misses you.
Okay, then.
You hit the jelly but do no damage.
Your hands burn!
The jelly is moderately wounded.
The jelly completely misses you.
You hit the jelly but do no damage.
Your hands burn!
The jelly is moderately wounded.
The jelly hits you.
* * * LOW HITPOINT WARNING * * *
You are splashed with acid!
You die...

#.....# ,,#....#..#...#
* #.....+
,,#....#..#...# , ,
#.....# ,##....#..#...#,
⌠ #....## #.....#..#...#
#....#, #.....#..#...# ,
* +....+, #............#
,
#....######.....#..#...#
, #...........#####..# #
, #...........# #@..#
............# #.J.# ,
............#, (....#
............* (#...... ,
.......... ..##...#...
#####..... #. #..##.##
....# ...., (. ...# .
....#, .. .# ... , #####


You could see a jelly.

Vanquished Creatures
  A kobold brigand (Sewer)
  A jelly (D:4)
  An orc priest (D:3)
  A hound (D:4)
  An orc wizard (D:3)
  3 gnolls (D:3)
  3 adders
  3 worms
  A dart slug (D:3)
  An orc (D:3)
  13 ball pythons
  7 endoplasms
  4 giant cockroaches
  5 goblins
  12 hobgoblins
  6 quokkas
  9 bats
  5 frilled lizards
  14 kobolds
  8 rats
99 creatures vanquished.

Vanquished Creatures (others)
  2 fungi (Sewer)
  5 plants (Sewer)
7 creatures vanquished.

Grand Total: 106 creatures vanquished

Notes
Turn   | Place    | Note
-------+----------+-------------------------------------------
     0 | D:1      | CrazyMind the Deep Dwarf Fighter began the quest for the
                  | Orb.
     0 | D:1      | Reached XP level 1. HP: 20/20 MP: 1/1
    39 | D:1      | Upgraded the game from 0.28.0-1-gb440e238dd to
                  | 0.28.0-43-g3370ac3207
   201 | D:1      | Reached XP level 2. HP: 20/27 MP: 2/2
   942 | D:2      | Reached XP level 3. HP: 22/34 MP: 3/3
  1153 | D:2      | Found a faded altar of an unknown god.
  1542 | D:2      | Reached XP level 4. HP: 17/42 MP: 4/4
  1776 | D:3      | Found a runed translucent door.
  1776 | D:3      | Noticed a bullfrog
  1781 | D:3      | Noticed Ijustatesigmund's ghost (amateur OpFi)
  1828 | D:3      | Reached skill level 1 in Throwing
  2034 | D:3      | Reached skill level 1 in Dodging
  2034 | D:3      | Reached XP level 5. HP: 16/49 MP: 4/4
  2318 | D:3      | Found a glowing drain.
  2322 | Sewer    | Entered a sewer
  2501 | Sewer    | Reached XP level 6. HP: 16/56 MP: 5/5
  3053 | D:4      | Noticed Grinder
  3218 | D:4      | Noticed Sigmund
  3303 | D:4      | Splashed by a jelly's acid

Illustrated notes

Levels and vault maps discovered:
D:1:      scummos_arrival_gate, layout_basic, st_stairs_5
D:2:      layout_loops_cross, ebering_ecumenical_altar_box
D:3:      layout_basic, gup_sewer_entry_spiral, ebering_ghost_sewer_d
D:4:      layout_gridville, minmay_temple_entry_nine_rooms, uniq_sigmund,
          uniq_grinder

Skill      XL: |  1  2  3  4  5  6 |
---------------+-------------------+-----
Fighting       | 3 |  3.6
Axes           | 3 4 |  4.9
Throwing       | 1 |  1.6
Armour         | 4 |  4.3
Dodging        | 1 |  1.4
Shields        | 4 |  4.0

Action                   |  1- 3 |  4- 6 || total
-------------------------+-------+-------++-------
Melee: War axe           |   113 |   187 ||   300
Throw: Stone             |    49 |    33 ||    82
       Boomerang         |       |     7 ||     7
 Abil: Heal Wounds       |       |     3 ||     3
  Use: Potion            |     1 |       ||     1
       Scroll            |       |     2 ||     2
Armor: Scale mail        |    50 |    71 ||   121
Dodge: Dodged            |    52 |    73 ||   125
Block: Buckler           |    25 |    42 ||    67
